Map: Curious Minds LE

Players

Oreo

  • Race: Zerg Zerg
  • League: Master

A.I. 1 (Very Easy) - Winner!

  • Race: Terran Terran

VOD

Have the link to the VOD?

Description

Time

  • Played on: Feb. 8, 2022, 5:37 a.m.
  • Length: 9:30
Show
View Real Time Build Order
Export as new Build Order

Oreo Zerg 

Build Orders: Pool First 

Get SALT Encoding   

  12  0:00  Drone  
  13  0:12  Overlord  
  13  0:16  Drone  
  14  0:30  Drone x2  
  16  0:40  Spawning Pool  
  15  0:43  Drone  
  15  0:47  Drone  
  17  1:08  Hatchery  
  17  1:10  Drone  
  17  1:14  Extractor  
  17  1:15  Drone  
  17  1:27  Zergling x2  
  17  1:28  Zergling x2  
  17  1:32  Roach Warren  
  18  1:38  Drone  
  19  1:46  Queen  
  21  1:54  Overlord  
  21  2:12  Roach x2  
  25  2:20  Roach  
  25  2:21  Roach  
  29  2:31  Roach  
  29  2:33  Queen  
  33  2:39  Overlord  
  33  2:45  Drone  
  33  2:47  Drone  
  36  2:51  Ravager  
  36  2:58  Drone  
  37  3:01  Overlord  
  37  3:05  Drone  
  38  3:09  Drone  
  38  3:11  Drone  
  40  3:13  Drone  
  40  3:18  Drone  
  42  3:23  Drone  
  42  3:24  Drone  
  42  3:29  Metabolic Boost  
  42  3:31  Drone  
  45  3:36  Overlord  
  45  3:39  Drone  
  46  3:41  Drone  
  46  3:44  Drone  
  46  3:45  Drone  
  49  3:49  Drone x2  
  49  3:52  Drone  
  52  4:03  Hatchery  
  52  4:07  Drone  
  52  4:09  Overlord  
  52  4:10  Drone  
  52  4:12  Drone  
  52  4:14  Extractor  
  52  4:15  Drone  
  52  4:16  Drone  
  55  4:18  Drone  
  55  4:22  Drone x2  
  58  4:25  Overlord  
  58  4:27  Drone  
  58  4:28  Drone  
  60  4:34  Lair  
  60  4:36  Drone  
  60  4:37  Drone  
  62  4:39  Drone  
  62  4:43  Queen  
  66  4:45  Drone  
  66  4:46  Drone  
  66  4:51  Evolution Chamber  
  66  4:52  Evolution Chamber  
  66  4:54  Overlord  
  66  4:56  Drone  
  66  4:58  Drone  
  67  5:02  Drone x2  
  67  5:03  Drone  
  70  5:08  Baneling Nest  
  70  5:09  Drone  
  70  5:10  Drone  
  71  5:15  Queen  
  71  5:17  Overlord  
  71  5:21  Drone, Zerg Melee Weapons Level 1  
  73  5:22  Drone  
  73  5:25  Drone  
  76  5:29  Zerg Ground Armor Level 1  
  76  5:30  Drone  
  76  5:32  Drone  
  76  5:34  Extractor  
  76  5:35  Extractor  
  76  5:36  Overlord  
  76  5:39  Overseer  
  76  5:40  Drone x3  
  76  5:42  Drone  
  80  5:49  Drone  
  81  5:51  Drone, Extractor  
  81  5:52  Drone  
  81  5:54  Queen, Hatchery  
  83  5:57  Drone x2  
  83  5:58  Drone  
  83  6:02  Overlord  
  86  6:06  Overlord  
  86  6:08  Drone  
  86  6:09  Centrifugal Hooks  
  87  6:15  Queen  
  87  6:16  Overlord  
  89  6:19  Overlord  
  89  6:21  Zergling x6  
  89  6:24  Zergling x6  
  95  6:27  Hydralisk Den  
  95  6:30  Overlord  
  95  6:31  Zergling x4  
  96  6:35  Zergling x6  
  96  6:36  Zergling x2  
  96  6:37  Zergling x2  
  96  6:38  Zergling x2  
  102  6:42  Overlord  
  102  6:44  Zergling x2  
  102  6:45  Zergling x4  
  106  6:47  Zergling x2  
  106  6:49  Drone x2  
  106  6:50  Drone  
  106  6:51  Drone  
  106  6:54  Drone  
  111  6:56  Grooved Spines  
  111  6:58  Drone  
  112  7:02  Queen  
  112  7:03  Queen  
  112  7:04  Overlord  
  112  7:05  Overlord  
  112  7:07  Drone  
  117  7:09  Drone x2  
  117  7:10  Drone  
  117  7:11  Drone  
  117  7:12  Drone  
  117  7:14  Overlord  
  120  7:16  Extractor  
  120  7:20  Drone x4  
  120  7:21  Overlord  
  123  7:26  Infestation Pit  
  123  7:27  Drone x3  
  123  7:28  Extractor  
  124  7:40  Overlord  
  124  7:43  Zergling x10  
  129  7:49  Zergling x12  
  135  7:55  Zergling x14  
  142  8:04  Zergling x2, Hive, Extractor  
  142  8:05  Zergling x2  
  143  8:08  Lurker Den, Muscular Augments  
  143  8:10  Zergling x4, Hatchery  
  143  8:15  Zergling x10  
  143  8:18  Ravager  
  143  8:19  Ravager  
  150  8:20  Baneling x6  
  150  8:21  Baneling x3  
  150  8:22  Drone x2  
  150  8:24  Drone x2  
  150  8:26  Drone x2  
  156  8:27  Drone  
  156  8:31  Overlord  
  156  8:32  Zergling x4  
  159  8:35  Zergling x6  
  159  8:36  Zergling x4  
  159  8:38  Zergling x2  
  159  8:39  Zergling x2  
  159  8:40  Zergling x2  
  167  8:45  Zergling x8  
  167  8:46  Zergling x2  
  172  8:50  Zergling x6  
  172  8:53  Zergling x6  
  172  8:54  Zergling x2  
  179  8:57  Zergling x2  
  179  8:59  Zergling x2  
  179  9:02  Overlord  
  181  9:04  Zergling x2  
  181  9:06  Zergling x6  
  185  9:11  Zergling x2  
  185  9:12  Zergling x2  
  194  9:25  Extractor  
  194  9:28  Extractor  
Show
View Real Time Build Order
Export as new Build Order

A.I. 1 (Very Easy) Terran - Winner!

Build Orders:  

Get SALT Encoding   

  12  0:00  SCV  
  13  0:13  SCV  
  14  0:18  Supply Depot  
  14  0:37  Refinery  
  14  0:42  Barracks  
  14  1:03  Supply Depot  
  14  1:11  Refinery  
  14  1:30  Marine  
  14  1:32  Orbital Command  
  15  1:49  Barracks Tech Lab  
  15  1:57  SCV  
  16  2:09  SCV  
  16  2:11  Marine  
  18  2:22  SCV  
  19  2:34  SCV  
  20  2:46  SCV  
  21  2:52  Marauder  
  21  2:58  SCV  
  24  3:18  Supply Depot  
  22  3:20  Marine  
  21  3:49  Marauder  
  23  4:17  Marine  
  24  4:46  Marauder  
  26  6:22  Marine, SCV  
  28  6:26  Factory  
  28  6:28  Supply Depot  
  28  6:30  Command Center  
  28  6:34  SCV  
  29  6:46  SCV  
  30  6:55  Marine  
  30  6:59  SCV  
  32  7:11  SCV  
  32  7:13  Starport  
  27  7:28  Marine  
  28  7:43  SCV  
  29  7:50  Refinery, SCV, Starport Tech Lab  
  30  7:54  Refinery  
  30  7:58  SCV  
  31  8:01  Marine  
  31  8:05  SCV  
  33  8:09  Raven  
  33  8:12  SCV  
  35  8:19  SCV  
  36  8:26  SCV  
  37  8:34  Marine, SCV  
  38  8:41  SCV  
  40  8:48  SCV  
  41  8:55  SCV  
  44  9:02  SCV  
  45  9:07  Marauder  
  45  9:09  SCV  
  48  9:16  SCV  
Tags
 
Add a new tag
Caveats
  • Supply blocks, unpowered buildings, or Contaminate may cause inaccurate times.
  • Supply counts are checked every 10 seconds.